 Dungeon Crawl Stone Soup version 0.29-a0-529-gfa20dd96a1 (webtiles) character file.

Game seed: 4888337899735830129

80 xian the Conjurer (level 4, -1/33 HPs)
             Began as a Draconian Conjurer on June 2, 2022.
             Slain by a gnoll
             ... wielding a +0 club
              (4 damage)
             ... on level 3 of the Dungeon.
             The game lasted 00:05:06 (2074 turns).

xian the Conjurer (Draconian Conjurer)              Turns: 2074, Time: 00:05:08

Health: -1/33      AC:  5    Str:  9    XL:     4   Next: 18%
Magic:  0/8        EV: 11    Int: 20    God:
Gold:   62         SH:  3    Dex: 10    Spells: 5/8 levels left

rFire   . . .      SeeInvis .   j - +0 dagger
rCold   . . .      Faith    .   r - +0 buckler
rNeg    . . .      Spirit   .   (body armour unavailable)
rPois   .          Reflect  .   (helmet restricted)
rElec   .          Harm     .   (no cloak)
rCorr   .          Rampage  .   (no gloves)
Will    +....                   (no boots)
Stlth   ++........              (no amulet)
HPRegen 0.11/turn               l - ring of willpower
MPRegen 0.11/turn               (no ring)

@: no status effects
A: AC +5, unfitting armour, cold-blooded
a: no special abilities


You were on level 3 of the Dungeon.
You visited 1 branch of the dungeon, and saw 3 of its levels.

You collected 62 gold pieces.

Inventory:

Hand Weapons
 j - a +0 dagger (weapon)
 n - a +0 antimagic whip
Missiles
 e - 2 throwing nets
 g - 3 poisoned darts
Armour
 r - a +0 buckler (worn)
Jewellery
 l - a ring of willpower (left hand)
Scrolls
 c - a scroll of identify {unknown}
 f - a scroll of immolation {unknown}
 h - a scroll of noise {unknown}
 m - a scroll of amnesia {unknown}
 o - 2 scrolls of summoning {unknown}
 q - a scroll of teleportation {unknown}
Potions
 a - 2 potions of magic
 b - a potion of mutation {unknown}
 d - 2 potions of ambrosia {unknown}
 i - a potion of brilliance {unknown}
 k - a potion of invisibility {unknown}
 p - a potion of curing {unknown}
 s - a potion of might {unknown}
 t - a potion of heal wounds {unknown}


   Skills:
 + Level 2.3 Dodging
 + Level 1.9 Stealth
 + Level 2.7 Spellcasting
 + Level 5.0 Conjurations


You had 5 spell levels left.
You knew the following spells:

 Your Spells              Type           Power      Damage    Failure   Level
a - Magic Dart            Conj           88%        1d7       2%          1
b - Searing Ray           Conj           44%        2d6       3%          2

Your spell library contained the following spells:

 Spells                   Type           Power      Damage    Failure   Level
 Foxfire                  Conj/Fire      48%        2x1d6     7%          1
 Conjure Flame            Conj/Fire      12%        6-21      22%         3
 Dazzling Flash           Conj/Hex       24%        N/A       22%         3
 Inner Flame              Hex/Fire       2%         N/A       52%         3
 Flame Wave               Conj/Fire      12%        2d6       56%         4
 Fulminant Prism          Conj/Hex       6%         3d7       56%         4
 Iskenderun's Mystic Bla  Conj/Tloc      12%        2d5       56%         4
 Summon Ice Beast         Ice/Summ       2%         N/A       89%         4
 Summon Cactus Giant      Summ           1%         N/A       100%        6
 Malign Gateway           Summ/Tloc      1%         N/A       100%        7


Dungeon Overview and Level Annotations

Branches:
Dungeon (3/15)

Altars:


Innate Abilities, Weirdness & Mutations

Your plain brown scales are hard. (AC +5)
You cannot fit into any form of body armour.
You are cold-blooded and may be slowed by cold attacks.


Message History

Aim: a gnoll, wielding a +0 flail (81% to hit)
The searing ray misses the gnoll.
The searing ray hits the gnoll!
The gnoll is almost dead. (Press . to maintain the ray.) Unknown command.
The searing ray hits the gnoll!
You kill the gnoll!
The searing ray hits the gnoll.
The gnoll is lightly wounded.
The searing ray misses the gnoll.
The searing ray hits the gnoll!
The gnoll is severely wounded.
The searing ray hits the gnoll!
You kill the gnoll!
The gnoll shouts!
The gnoll hits you with a +0 flail!
Your Conjurations skill increases to level 5!
You have reached level 4!
You feel agile.
Without enough magic to sustain it, your searing ray dissipates.
The gnoll closely misses you. The gnoll attacks as you move away!
The gnoll barely misses you. The gnoll hits you with a +0 flail.
You closely miss the gnoll.
The gnoll is severely wounded.
The gnoll hits you with a +0 club. The gnoll hits you with a +0 flail!
* * * LOW HITPOINT WARNING * * *
Unknown command.
You hit the gnoll.
You kill the gnoll!
The gnoll hits you with a +0 club.
* * * LOW HITPOINT WARNING * * *
Unknown command.
Aiming: Magic Dart (safe; 2% risk of failure)
Press: ? - help, Q - select action, (/) - cycle Shift-Dir - straight line, f - gnoll
Aim: a gnoll, wielding a +0 club (100% to hit)
The magic dart hits the gnoll.
The gnoll is moderately wounded.
The gnoll hits you with a +0 club.
You die...

......... #### ........
##...# #...... ........
#.... #......... #... ###
...........####)####.#
.#.###.....#...).....#
.#..##.........g@....#
.##.##...............#
....##...#.[.........#######
#....#...#.................#
#..............#...........#
...............+...........#
...............#...^.......#
...............#...#########
...#...........#..(#


You could see a gnoll.

Vanquished Creatures
  3 gnolls (D:3)
  An adder (D:2)
  A worm (D:2)
  4 endoplasms
  A giant cockroach (D:1)
  2 hobgoblins
  3 quokkas
  5 ball pythons
  5 bats
  7 goblins
  6 kobolds
  2 rats
40 creatures vanquished.

Vanquished Creatures (others)
  12 plants (D:2)
12 creatures vanquished.

Grand Total: 52 creatures vanquished

Notes
Turn   | Place    | Note
-------+----------+-------------------------------------------
     0 | D:1      | xian the Draconian Conjurer began the quest for the Orb.
     0 | D:1      | Reached XP level 1. HP: 14/14 MP: 3/3
   379 | D:1      | Reached XP level 2. HP: 20/20 MP: 1/5
   801 | D:1      | Got Dueg Yry's Papyrus of the Creative Compass
   832 | D:1      | Learned a level 2 spell: Searing Ray
  1234 | D:2      | Reached XP level 3. HP: 26/26 MP: 2/6
  1688 | D:2      | Found a faded altar of an unknown god.
  2070 | D:3      | Reached skill level 5 in Conjurations
  2070 | D:3      | Reached XP level 4. HP: 23/33 MP: 0/7
  2074 | D:3      | Slain by a gnoll

Illustrated notes

Levels and vault maps discovered:
D:1:      saegor_arrival_miasma, layout_basic, chequers_avenue,
          minmay_pentomino_t4
D:2:      layout_rooms, shapermc_ecumenical_altar_totnotflames,
          grunt_decor_fettered, serial_bayou_lagoon_a, serial_bayou_crossing
D:3:      layout_basic, nicolae_figureground_pulse

Skill      XL: |  1  2  3 |
---------------+----------+-----
Dodging        | 2 |  2.3
Conjurations   | 5 |  5.0
Stealth        | |  1.9
Spellcasting   | |  2.7

Action                   |  1- 3 |  4- 6 || total
-------------------------+-------+-------++-------
Melee: Tailslap          |     5 |       ||     5
       Club              |     1 |       ||     1
       Dagger            |    18 |     2 ||    20
       Punch             |     1 |       ||     1
 Cast: Magic Dart        |    66 |     1 ||    67
       Searing Ray       |     1 |       ||     1
Armor: Skin              |     3 |       ||     3
Dodge: Dodged            |    12 |     2 ||    14

Table legend: (Time is in decaauts)
 A = Elapsed time spent in this place.
 B = Non-inter-level travel time spent in this place.
 C = Inter-level travel time spent in this place.
 D = Time resting spent in this place.
 E = Time spent auto-exploring this place.
 F = Levels seen in this place.
 G = Mean time per level.
                   A        B        C        D        E       F      G
               +--------+--------+--------+--------+--------+-----+--------+
         Total |   2076 |   2023 |     53 |      0 |   1738 |   3 |  692.0 |
       Dungeon |   2076 |   2023 |     53 |      0 |   1738 |   3 |  692.0 |
               +--------+--------+--------+--------+--------+-----+--------+

Top non-repeatable levels by time:
     D:1: 979 daAuts
     D:2: 935 daAuts
     D:3: 160 daAuts
